AA
INDIANAPOLIS INDIANS @ EVANSVILLE TRIPLETS
04/15/1982
 
TOP OF THE 1ST
Indianapolis Indians batting - Pitching for Evansville Triplets : RHP Chris Codiroli
Pitching: RHP Chris Codiroli
Batting: SHB Julio Estrada 0-0: Swinging Strike
0-1: Ball
1-1: Ground out 4-3 (Groundball, 4, EV 80.6 MPH)
Batting: LHB Roberto Ruiz 0-0: Fly out, F7 (Flyball, 7D, EV 100.6 MPH)
Batting: RHB Luis Gonzalez 0-0: Ball
1-0: Called Strike
1-1: Foul Ball, location: 2F
1-2: Ball
2-2: Ball
3-2: Foul Ball, location: 2F
3-2: Foul Ball, location: 2F
3-2: Strikes out swinging
Top of the 1st over - 0 runs, 0 hits, 0 errors, 0 left on base; Indianapolis 0 - Evansville 0
BOTTOM OF THE 1ST
Evansville Triplets batting - Pitching for Indianapolis Indians : LHP Ricky Horton
Pitching: LHP Ricky Horton
Batting: LHB Greg Gross 0-0: Ball
1-0: Ball
2-0: Ball
3-0: Called Strike
3-1: Called Strike
3-2: Ground out 6-3 (Groundball, 6, EV 84.4 MPH)
Batting: LHB Lloyd Moseby 0-0: Swinging Strike
0-1: Ball
1-1: Swinging Strike
1-2: Strikes out swinging
Batting: RHB Brook Jacoby 0-0: Ball
1-0: SINGLE (Line Drive, 89S, EV 96.3 MPH)
Batting: RHB Ron Kittle 0-0: Called Strike
0-1: Swinging Strike
0-2: Foul Ball, location: 2F
0-2: Fly out, F6 (Popup, 6M, EV 69.4 MPH)
Bottom of the 1st over - 0 runs, 1 hit, 0 errors, 1 left on base; Indianapolis 0 - Evansville 0
TOP OF THE 2ND
Indianapolis Indians batting - Pitching for Evansville Triplets : RHP Chris Codiroli
Batting: LHB Scott Radloff 0-0: Ball
1-0: Foul Ball, location: 2F
1-1: Foul Ball, location: 2F
1-2: Ball
2-2: Foul Ball, location: 2F
2-2: Ball
3-2: Base on Balls
Batting: RHB Pat Rooney 0-0: Ball
1-0: Foul Ball, location: 2F
1-1: Foul Ball, location: 2F
1-2: Foul Ball, location: 2F
1-2: Strikes out swinging
Batting: RHB Steven Campbell 0-0: SINGLE (Groundball, 5S, EV 68.1 MPH) (infield hit)
Scott Radloff to second
Batting: RHB Tracy Cowger 0-0: Foul Ball, location: 2F
0-1: Foul Ball, location: 2F
0-2: Foul Ball, location: 2F
0-2: Ball
1-2: Foul Ball, location: 2F
1-2: Grounds into double play, 6-4-3 (Groundball, 6, EV 101.9 MPH)
Top of the 2nd over - 0 runs, 1 hit, 0 errors, 1 left on base; Indianapolis 0 - Evansville 0
BOTTOM OF THE 2ND
Evansville Triplets batting - Pitching for Indianapolis Indians : LHP Ricky Horton
Batting: LHB Luis Alfaro 0-0: Called Strike
0-1: Ball
1-1: Swinging Strike
1-2: Foul Ball, location: 2F
1-2: Foul Ball, location: 2F
1-2: Foul Ball, location: 2F
1-2: Ground out 4-3 (Groundball, 4S, EV 91.3 MPH)
Batting: RHB Jaden Smith 0-0: Ball
1-0: Swinging Strike
1-1: Ground out U3 (Groundball, 34, EV 91.3 MPH)
Batting: RHB Mike Allen 0-0: Called Strike
0-1: Ball
1-1: Swinging Strike
1-2: Ball
2-2: Fly out, F4 (Flyball, 34D, EV 84.4 MPH)
Bottom of the 2nd over - 0 runs, 0 hits, 0 errors, 0 left on base; Indianapolis 0 - Evansville 0
TOP OF THE 3RD
Indianapolis Indians batting - Pitching for Evansville Triplets : RHP Chris Codiroli
Batting: LHB David Bertulli 0-0: Called Strike
0-1: Ground out 4-3 (Groundball, 4, EV 101.3 MPH)
Batting: RHB Robert Bonnette 0-0: Ball
1-0: Called Strike
1-1: Called Strike
1-2: Ball
2-2: Ball
3-2: Foul Ball, location: 2F
3-2: Base on Balls
Batting: SHB Julio Estrada 0-0: Ground out 4-3 (Groundball, 4M, EV 75.6 MPH)
Robert Bonnette to second
Batting: LHB Roberto Ruiz 0-0: Ball
1-0: Ball
2-0: Foul Ball, location: 2F
2-1: Ball
3-1: Ground out 5-3 (Groundball, 5, EV 106.9 MPH)
Top of the 3rd over - 0 runs, 0 hits, 0 errors, 1 left on base; Indianapolis 0 - Evansville 0
BOTTOM OF THE 3RD
Evansville Triplets batting - Pitching for Indianapolis Indians : LHP Ricky Horton
Batting: RHB Reginald Coleman 0-0: Swinging Strike
0-1: Ball
1-1: Swinging Strike
1-2: Strikes out looking
Batting: SHB Bobby Thompson 0-0: Swinging Strike
0-1: Ball
1-1: Foul Ball, location: 2F
1-2: Ball
2-2: Ball
3-2: Base on Balls
Batting: LHB Greg Gross 0-0: Ball
1-0: Called Strike
1-1: Called Strike
1-2: Fly out, F6 (Line Drive, 6, EV 67.5 MPH)
Batting: LHB Lloyd Moseby 0-0: Ball
Balk!
Bobby Thompson to second
1-0: Called Strike
1-1: Called Strike
1-2: Strikes out swinging
Bottom of the 3rd over - 0 runs, 0 hits, 0 errors, 1 left on base; Indianapolis 0 - Evansville 0
TOP OF THE 4TH
Indianapolis Indians batting - Pitching for Evansville Triplets : RHP Chris Codiroli
Batting: RHB Luis Gonzalez 0-0: Ball
1-0: Called Strike
1-1: Swinging Strike
1-2: Foul Ball, location: 2F
1-2: Strikes out swinging
Batting: LHB Scott Radloff 0-0: Called Strike
0-1: Ball
1-1: Foul Ball, location: 2F
1-2: Foul Ball, location: 2F
1-2: Strikes out swinging
Batting: RHB Pat Rooney 0-0: Called Strike
0-1: Fly out, F9 (Flyball, 9D, EV 86.9 MPH)
Top of the 4th over - 0 runs, 0 hits, 0 errors, 0 left on base; Indianapolis 0 - Evansville 0
BOTTOM OF THE 4TH
Evansville Triplets batting - Pitching for Indianapolis Indians : LHP Ricky Horton
Batting: RHB Brook Jacoby 0-0: Ball
1-0: Swinging Strike
1-1: Called Strike
1-2: Foul Ball, location: 2F
1-2: Ball
2-2: Strikes out swinging
Batting: RHB Ron Kittle 0-0: Ball
1-0: Fly out, F8 (Flyball, 8RD, EV 103.1 MPH)
Batting: LHB Luis Alfaro 0-0: Ball
1-0: Swinging Strike
1-1: Called Strike
1-2: SINGLE (Groundball, 34D, EV 101.3 MPH)
Batting: RHB Jaden Smith 0-0: Ball
1-0: Ground out 3-1 (Groundball, 13, EV 85.6 MPH)
Bottom of the 4th over - 0 runs, 1 hit, 0 errors, 1 left on base; Indianapolis 0 - Evansville 0
TOP OF THE 5TH
Indianapolis Indians batting - Pitching for Evansville Triplets : RHP Chris Codiroli
Batting: RHB Steven Campbell 0-0: Ground out 6-3 (Groundball, 6, EV 100.0 MPH)
Batting: RHB Tracy Cowger 0-0: Ball
1-0: Foul Ball, location: 2F
1-1: Ball
2-1: Ball
3-1: Foul Ball, location: 2F
3-2: Foul Ball, location: 2F
3-2: Ground out 6-3 (Groundball, 6M, EV 107.5 MPH)
Batting: LHB David Bertulli 0-0: Ball
1-0: Ball
2-0: Called Strike
2-1: Foul Ball, location: 2F
2-2: Strikes out looking
Top of the 5th over - 0 runs, 0 hits, 0 errors, 0 left on base; Indianapolis 0 - Evansville 0
BOTTOM OF THE 5TH
Evansville Triplets batting - Pitching for Indianapolis Indians : LHP Ricky Horton
Batting: RHB Mike Allen 0-0: Foul Ball, location: 2F
0-1: Ball
1-1: Ball
2-1: Ground out 4-3 (Groundball, 4, EV 82.5 MPH)
Batting: RHB Reginald Coleman 0-0: Ball
1-0: Foul Ball, location: 2F
1-1: Ground out 4-3 (Groundball, 4, EV 90.0 MPH)
Batting: SHB Bobby Thompson 0-0: Ball
1-0: Ball
2-0: Bunt for hit to 25 - play at first, batter OUT! 5-3
Bottom of the 5th over - 0 runs, 0 hits, 0 errors, 0 left on base; Indianapolis 0 - Evansville 0
TOP OF THE 6TH
Indianapolis Indians batting - Pitching for Evansville Triplets : RHP Chris Codiroli
Batting: RHB Robert Bonnette 0-0: Foul Ball, location: 2F
0-1: Ball
1-1: Foul Ball, location: 2F
1-2: Strikes out swinging
Batting: SHB Julio Estrada 0-0: SINGLE (Line Drive, 8RS, EV 101.3 MPH)
Batting: LHB Roberto Ruiz 0-0: SINGLE (Groundball, 56D, EV 99.4 MPH)
Julio Estrada to second
Batting: RHB Luis Gonzalez 0-0: Called Strike
0-1: Ball
1-1: Foul Ball, location: 2F
1-2: Foul Ball, location: 2F
1-2: Ball
2-2: Ball
3-2: Foul Ball, location: 2F
3-2: Ground out 6-3 (Groundball, 6S, EV 74.4 MPH)
Julio Estrada to third
Roberto Ruiz to second
Batting: LHB Scott Radloff 0-0: Ball
1-0: Ball
2-0: Ball
3-0: Called Strike
3-1: Base on Balls
Batting: RHB Pat Rooney 0-0: Called Strike
0-1: Ball
1-1: SINGLE (Groundball, 6MD, EV 93.8 MPH)
Julio Estrada scores
Roberto Ruiz to third
Scott Radloff to second
Runner from 3rd tries for Home, SAFE, throw by CF to home
Batting: RHB Steven Campbell 0-0: Foul Ball, location: 2F
0-1: Called Strike
0-2: Strikes out swinging
Top of the 6th over - 2 runs, 3 hits, 0 errors, 2 left on base; Indianapolis 2 - Evansville 0
BOTTOM OF THE 6TH
Evansville Triplets batting - Pitching for Indianapolis Indians : LHP Ricky Horton
Batting: LHB Greg Gross 0-0: Swinging Strike
0-1: Ball
1-1: Ball
2-1: Ball
3-1: Fly out, F7 (Line Drive, 7, EV 98.1 MPH)
Batting: LHB Lloyd Moseby 0-0: Ball
1-0: Fly out, F7 (Flyball, 78S, EV 95.6 MPH)
Batting: RHB Brook Jacoby 0-0: Ball
1-0: Ball
2-0: Foul Ball, location: 2F
2-1: Called Strike
2-2: Strikes out swinging
Bottom of the 6th over - 0 runs, 0 hits, 0 errors, 0 left on base; Indianapolis 2 - Evansville 0
TOP OF THE 7TH
Indianapolis Indians batting - Pitching for Evansville Triplets : RHP Chris Codiroli
Batting: RHB Tracy Cowger 0-0: Ball
1-0: Ground out 6-3 (Groundball, 6, EV 85.6 MPH)
Batting: LHB David Bertulli 0-0: Called Strike
0-1: Called Strike
0-2: Ground out 4-3 (Groundball, 4, EV 81.9 MPH)
Batting: RHB Robert Bonnette 0-0: Ground out 6-3 (Groundball, 6, EV 83.8 MPH)
Top of the 7th over - 0 runs, 0 hits, 0 errors, 0 left on base; Indianapolis 2 - Evansville 0
BOTTOM OF THE 7TH
Evansville Triplets batting - Pitching for Indianapolis Indians : LHP Ricky Horton
Batting: RHB Ron Kittle 0-0: Ball
1-0: Foul Ball, location: 2F
1-1: Ball
2-1: Foul Ball, location: 2F
2-2: Ball
3-2: TRIPLE (Flyball, 9D, EV 99.4 MPH)
Batting: LHB Luis Alfaro 0-0: Ball
1-0: Fly out, F9 (Flyball, 9, EV 80.0 MPH)
Runner from 3rd tags up, SCORES, throw by RF
Batting: RHB Jaden Smith 0-0: Ground out 6-3 (Groundball, 6, EV 105.6 MPH)
Batting: RHB Mike Allen 0-0: Called Strike
0-1: SINGLE (Line Drive, 34D, EV 103.8 MPH)
Batting: RHB Reginald Coleman 0-0: Ball
Mike Allen steals 2nd base (no throw)
1-0: Called Strike
1-1: Ball
2-1: Swinging Strike
2-2: Ball
3-2: Strikes out looking
Bottom of the 7th over - 1 run, 2 hits, 0 errors, 1 left on base; Indianapolis 2 - Evansville 1
TOP OF THE 8TH
Indianapolis Indians batting - Pitching for Evansville Triplets : RHP Chris Codiroli
Pitching: LHP Paul Mirabella
Batting: SHB Julio Estrada 0-0: Swinging Strike
0-1: SINGLE (Groundball, 34D, EV 96.9 MPH)
Batting: LHB Roberto Ruiz 0-0: Bunt missed!
0-1: Ball
1-1: Ball
2-1: Bunted foul
2-2: Foul Ball, location: 2F
2-2: Foul Ball, location: 2F
2-2: Fly out, F4 (Flyball, 4D, EV 87.5 MPH)
Batting: RHB Luis Gonzalez 0-0: Ball
Wild Pitch!
Julio Estrada to second
1-0: Intentional Walk
Batting: LHB Scott Radloff 0-0: Foul Ball, location: 2F
0-1: Swinging Strike
0-2: Ball
1-2: Ball
2-2: Fielders Choice at 2nd, 6-4 (Groundball, 6, EV 86.3 MPH)
Julio Estrada to third
Batting: RHB Pat Rooney 0-0: Fly out, F9 (Line Drive, 9D, EV 94.4 MPH)
Top of the 8th over - 0 runs, 1 hit, 0 errors, 2 left on base; Indianapolis 2 - Evansville 1
BOTTOM OF THE 8TH
Evansville Triplets batting - Pitching for Indianapolis Indians : LHP Ricky Horton
Batting: SHB Bobby Thompson 0-0: Called Strike
0-1: Ground out 4-3 (Groundball, 34, EV 80.0 MPH)
Batting: LHB Greg Gross 0-0: Ball
1-0: Called Strike
1-1: Foul Ball, location: 2F
1-2: Fly out, F8 (Line Drive, 8LM, EV 102.5 MPH)
Batting: LHB Lloyd Moseby 0-0: Foul Ball, location: 2F
0-1: Ball
1-1: Ball
2-1: Fly out, F9 (Line Drive, 9, EV 94.4 MPH)
Bottom of the 8th over - 0 runs, 0 hits, 0 errors, 0 left on base; Indianapolis 2 - Evansville 1
TOP OF THE 9TH
Indianapolis Indians batting - Pitching for Evansville Triplets : LHP Paul Mirabella
Batting: RHB Steven Campbell 0-0: Called Strike
0-1: Swinging Strike
0-2: Strikes out swinging
Batting: RHB Tracy Cowger 0-0: Swinging Strike
0-1: Ball
1-1: Called Strike
1-2: Strikes out swinging
Batting: LHB David Bertulli 0-0: Swinging Strike
0-1: Called Strike
0-2: Ground out U3 (Groundball, 3, EV 84.4 MPH)
Top of the 9th over - 0 runs, 0 hits, 0 errors, 0 left on base; Indianapolis 2 - Evansville 1
BOTTOM OF THE 9TH
Evansville Triplets batting - Pitching for Indianapolis Indians : LHP Ricky Horton
Pitching: LHP Lee Guetterman
Now at 3B: Juan Bernhardt
Now in RF: James Baker
Batting: RHB Brook Jacoby 0-0: Ball
1-0: Ball
2-0: Called Strike
2-1: Foul Ball, location: 2F
2-2: Strikes out swinging
Batting: RHB Ron Kittle 0-0: Called Strike
0-1: Ball
1-1: Ball
2-1: Ground out 6-3 (Groundball, 6, EV 100.6 MPH)
Pinch Hitting: RHB Cory Mihalic 0-0: Ground out 4-3 (Groundball, 4MS, EV 66.9 MPH)
Bottom of the 9th over - 0 runs, 0 hits, 0 errors, 0 left on base; Indianapolis 2 - Evansville 1
Tuesday, July 21st, 2020 - OOTP Baseball 21.4 Build 63